 Dungeon Crawl Stone Soup version 0.21-a0-265-gb353147 (webtiles) character file.

44 Gagarin the Skirmisher (level 3, -13/32 (33) HPs)
             Began as a Ghoul Monk on Sept 11, 2017.
             Killed by divine providence
             ... invoked by an orc priest
              (15 damage)
             ... on level 2 of the Dungeon.
             The game lasted 00:02:37 (986 turns).

Gagarin the Skirmisher (Ghoul Monk)                  Turns: 986, Time: 00:02:38

HP:   -13/32 (33)   AC:  2    Str: 14    XL:     3   Next: 60%
MP:   2/2           EV: 13    Int:  5    God:
Gold: 104           SH:  0    Dex: 12    Spells: 2/2 levels left

rFire    . . .     SeeInvis .     - Unarmed
rCold    + . .     Gourm    .   (no shield)
rNeg     + + +     Faith    .   a - +0 robe
rPois    ∞         Spirit   .   (no helmet)
rElec    .         Reflect  .   (no cloak)
rCorr    .         Harm     .   (no gloves)
MR       .....                  (no boots)
Stlth    ++........             (no amulet)
HPRegen  0.00/turn              (no ring)
MPRegen  0.08/turn              (no ring)

@: rotting
A: rotting body, claws 1, carnivore 3, cold resistance 1, negative energy
resistance 3, inhibited regeneration, torment resistance, unbreathing
a: no special abilities


You were on level 2 of the Dungeon.
You were not hungry.

You visited 1 branch of the dungeon, and saw 2 of its levels.

You collected 104 gold pieces.

Inventory:

Armour
 a - a +0 robe (worn)
 k - a +2 hat
Jewellery
 j - an uncursed ring of stealth {unknown}
Scrolls
 e - a scroll of teleportation {unknown}
 f - 3 scrolls of remove curse {unknown}
 i - a scroll of amnesia {unknown}
 l - 2 scrolls of identify {unknown}
Comestibles
 b - a meat ration
 c - 4 chunks of flesh
 h - 2 royal jellies


   Skills:
 + Level 3.8 Fighting
 + Level 3.1 Dodging
 + Level 3.0 Stealth
 + Level 3.5 Unarmed Combat


You had 2 spell levels left.
You didn't know any spells.

Dungeon Overview and Level Annotations

Branches:
Dungeon (2/15)

Altars:
The Shining One


Innate Abilities, Weirdness & Mutations

Your body is rotting away.
You thrive on raw meat.
You are immune to poison.
You have sharp fingernails.
You are carnivorous and can eat meat at any time.
Your flesh is cold resistant. (rC+)
You are immune to negative energy. (rN+++)
You do not regenerate when monsters are visible.
You are immune to unholy pain and torment.
You can survive without breathing.


Message History

You are confused.
A puff of flame appears from out of thin air!
The puff of flame hits you!
* * * LOW HITPOINT WARNING * * *
You bump into the rock wall.
You bump into the rock wall.
The orc shouts!
You bump into the rock wall.
It was a potion of flight.
You feel very buoyant.
You fly up into the air.
Something hits you but does no damage.
It was a potion of cancellation.
Your magical effects are unravelling.
You feel magically purged.
You float gracefully downwards.
You feel less confused. Something hits you but does no damage.
You scratch something but do no damage. Something barely misses you.
The orc priest invokes the aid of Beogh against you.
Beogh smites you!
You die...

............#.....##o###
##..........#..........#
##....#### #=.....#.#.#
#...÷#########+#.#...#.
#..............o........
#...>.........oo.......$.
#...##########o#######.##
###...# #.# ... ......##
#@# ## .......+ +.....#
......## ######. ......##
.. ÷......# ♣ ♣P.
...###.♣♣.♣ ♣.. ...#
#...♣ ♣♣ ...
######..♣♣♣.♣ ..+ #
##P.♣♣.♣P....


You could see an orc priest and 3 orcs.

Vanquished Creatures
  3 adders (D:2)
  A leopard gecko (D:1)
  A ball python (D:1)
  4 goblins
  3 bats
  4 frilled lizards (D:2)
  2 kobolds
18 creatures vanquished.

Notes
Turn   | Place    | Note
-------+----------+-------------------------------------------
     0 | D:1      | Gagarin the Ghoul Monk began the quest for the Orb.
     0 | D:1      | Reached XP level 1. HP: 19/19 MP: 0/0
    70 | D:1      | Found a glowing golden altar of the Shining One.
   260 | D:1      | Reached XP level 2. HP: 24/26 MP: 1/1
   762 | D:2      | Reached XP level 3. HP: 26/31 MP: 2/2
   986 | D:2      | Killed from afar by an orc priest

Vault maps used:
D:1:      dpeg_arrival_fog, serial_bayou_pond_a, serial_bayou_pond_c,
          tso_metal_star
D:2:      wad_woods_settlement, chequers_ecumenical_altar_twisty

Skill      XL: |  1  2  3 |
---------------+----------+-----
Dodging        | 3 |  3.1
Stealth        | 3 |  3.0
Fighting       | |  3.8
Unarmed Combat | |  3.5

Action                   || total
-------------------------++-------
Melee: Unarmed           ||    58
  Use: Potion            ||     2
 Stab: Sleeping          ||     1
  Eat: Chunk             ||     1
Armor: Robe              ||    10
Dodge: Dodged            ||    41

Table legend:
 A = Spawn XP
 B = Non-spawn XP
 C = Spawn XP percentage of total XP
 D = Spawn monster count
 E = Non-spawn monster count
 F = Spawn count percentage of total count
 G = Total turns spent on level
                    A         B        C        D         E        F      G
               +---------+---------+-------+---------+---------+-------+---------
         Total |       0 |      63 |   0.0 |       0 |      18 |   0.0 |   986
               +---------+---------+-------+---------+---------+-------+---------
           D:1 |       0 |      15 |   0.0 |       0 |       8 |   0.0 |   577
           D:2 |       0 |      48 |   0.0 |       0 |      10 |   0.0 |   409
               +---------+---------+-------+---------+---------+-------+---------
